 Dungeon Crawl Stone Soup version 0.31-a0-876-gfe8ebadbca (webtiles) character file.

Game seed: 10643256508456842381

147 promet the Magician (level 5, 0/45 HPs)
             Began as a Deep Elf Hedge Wizard on Oct 13, 2023.
             Was a Follower of Nemelex Xobeh.
             Slain by a phantom (1 damage)
             ... on level 4 of the Dungeon.
             The game lasted 00:18:03 (3865 turns).

promet the Magician (Deep Elf Hedge Wizard)         Turns: 3865, Time: 00:18:04

Health: 0/45       AC:  3    Str:  7    XL:     5   Next: 8%
Magic:  11/15      EV: 13    Int: 21    God:    Nemelex Xobeh [*.....]
Gold:   196        SH:  0    Dex: 14    Spells: 6/15 levels left

rFire   . . .        a - +0 mace
rCold   . . .        (no shield)
rNeg    . . .        b - +0 robe
rPois   .            c - +0 hat
rElec   .            (no cloak)
rCorr   .            q - +0 pair of gloves
SInv    .            (no boots)
Will    .....        (no amulet) Stlth
                     (no ring)
HPRegen 0.27/turn    (no ring)
MPRegen 0.14/turn

%: no passive effects
@: berserking, very quick
A: no striking features
a: Renounce Religion, Draw Escape, Draw Destruction, Draw Summoning


You were on level 4 of the Dungeon.
You worshipped Nemelex Xobeh.
Nemelex Xobeh was aware of your devotion.
You visited 1 branch of the dungeon, and saw 4 of its levels.

You collected 196 gold pieces.

Inventory:

Hand Weapons
 a - a +0 mace (weapon)
 g - a +1 dagger
Missiles
 e - 55 stones
 p - 3 boomerangs
Armour
 b - a +0 robe (worn)
 c - a +0 hat (worn)
 q - a +0 pair of gloves (worn)
Talismans
 j - a blade talisman
 r - a storm talisman
Potions
 d - a potion of magic
 f - 3 potions of enlightenment
 h - 2 potions of berserk rage
 k - 2 potions of mutation {unknown}
 m - a potion of heal wounds {unknown}


   Skills:
 * Level 1.7 Fighting
 + Level 0.5 Short Blades
 + Level 0.8 Maces & Flails
 + Level 2.9 Dodging
 + Level 3.0 Stealth
 + Level 5.8 Spellcasting
 + Level 1.6 Conjurations
 + Level 1.4 Summonings
 + Level 1.1 Translocations


You had 6 spell levels left.
You knew the following spells:

 Your Spells              Type           Power      Damage    Failure   Level
a - Magic Dart            Conj           48%        1d5       5%          1
b - Slow                  Hex            24%        N/A       10%         1
c - Blink                 Tloc           20%        N/A       10%         2
d - Call Imp              Summ           24%        N/A       9%          2
e - Mephitic Cloud        Conj/Pois/Air  8%         N/A       24%         3

Your spell library contained the following spells:

 Spells                   Type           Power      Damage    Failure   Level
 Cigotuvi's Dreadful Rot  Necr/Pois/Air  12%        N/A       16%         2
 Ignite Poison            Fire/Tmut/Pois 6%         N/A       30%         3
 Freezing Cloud           Conj/Ice/Air   4%         6-21      92%         5


Dungeon Overview and Level Annotations

Branches:
Dungeon (4/15)             Temple (0/1) D:4

Altars:
Fedhas
Nemelex Xobeh
The Shining One

Annotations:
D:4 Ijyb, Robin


Message History

Casting: Magic Dart (safe; 5% risk of failure)
Confirm with . or Enter, or press ? or * to list all spells.
Okay, then.
Casting: Magic Dart (safe; 5% risk of failure)
Confirm with . or Enter, or press ? or * to list all spells.
Aiming: Slow (safe; 10% risk of failure)
Press: ? - help, Shift-Dir - straight line, f/p - phantom
Aim: a phantom (moderately damaged, ally target, chance to affect: 23%)
The phantom resists with almost no effort.
The phantom hits you but does no damage.
You hit the phantom.
The phantom is moderately damaged.
The phantom hits you.
You miss the phantom.
The phantom is moderately damaged.
The phantom hits you. x2
* * * LOW HITPOINT WARNING * * *
The phantom blinks!
You blink.
The phantom hits you but does no damage.
Your cerulean imp hits the phantom but does no damage.
You closely miss the phantom.
The phantom is moderately damaged.
Your cerulean imp hits the phantom with a -3 spear.
The phantom hits you.
* * * LOW HITPOINT WARNING * * *
The phantom blinks!
You blink.
It was a potion of berserk rage.
A red film seems to cover your vision as you go berserk!
You feel yourself moving faster!
You feel mighty! The phantom hits you.
* * * LOW HITPOINT WARNING * * *
You barely miss the phantom.
The phantom is heavily damaged.
The phantom hits you.
* * * LOW HITPOINT WARNING * * *
The phantom blinks!
You blink.
You barely miss the phantom.
The phantom is heavily damaged.
The phantom hits you.
You die...
Your body disappears without a glow.

.... ####..... #.....#
.. ##....# #. ## #....#
.. ..##<...# .# ..#....#
.## .....§.# #.##
.......# ###@.#
?......## ###.W..#
.........###......#
....###..5........#
....# ##...###...#
###### # ##..#
#§.###..## ##....###
#### #..##....##
###........
#.........####......#...
#.....##...##.....####..


You could see a phantom (ally target) and a friendly cerulean imp (summoned).

Vanquished Creatures
  A jelly (D:4)
  Jessica (D:2)
  2 adders
  A worm (D:3)
  3 dart slugs (D:3)
  5 orcs (D:3)
  3 ball pythons
  5 bats
  5 endoplasms
  A giant cockroach (D:3)
  6 goblins
  6 hobgoblins
  2 quokkas
  5 kobolds
  5 rats
51 creatures vanquished.

Vanquished Creatures (collateral kills)
  A worm (D:4)
  A goblin (D:4)
2 creatures vanquished.

Vanquished Creatures (others)
  A rat (D:3)
1 creature vanquished.

Grand Total: 54 creatures vanquished

Notes
Turn   | Place    | Note
-------+----------+-------------------------------------------
     0 | D:1      | promet the Deep Elf Hedge Wizard began the quest for the
                  | Orb.
     0 | D:1      | Reached XP level 1. HP: 10/10 MP: 7/7
   604 | D:1      | Reached skill level 5 in Spellcasting
   604 | D:1      | Reached XP level 2. HP: 15/15 MP: 7/10
  1424 | D:2      | Found a glowing golden altar of the Shining One.
  1569 | D:2      | Learned a level 1 spell: Slow
  1572 | D:2      | Learned a level 2 spell: Blink
  1575 | D:2      | Learned a level 2 spell: Call Imp
  1708 | D:2      | Noticed Jessica
  1738 | D:2      | Killed Jessica
  1739 | D:2      | Reached XP level 3. HP: 18/20 MP: 6/11
  1740 | D:2      | Reached skill level 1 in Fighting
  2173 | D:3      | Reached XP level 4. HP: 25/25 MP: 7/13
  2745 | D:3      | Found a sparkling altar of Nemelex Xobeh.
  2758 | D:3      | Became a worshipper of Nemelex Xobeh the Trickster
  3107 | D:3      | Found a blossoming altar of Fedhas.
  3356 | D:4      | Reached XP level 5. HP: 14/30 MP: 10/15
  3460 | D:4      | Found a staircase to the Ecumenical Temple.
  3465 | D:4      | Learned a level 3 spell: Mephitic Cloud
  3588 | D:4      | Noticed Ijyb
  3589 | D:4      | Noticed Robin
  3611 | D:4      | Identified the +0 pair of gloves of Kusaopug {Harm rElec
                  | SInv}
  3779 | D:4      | Reached * piety under Nemelex Xobeh
  3847 | D:4      | Noticed a phantom
  3864 | D:4      | HP: 1/45 [phantom (3)]
  3865 | D:4      | Slain by a phantom

Illustrated notes

Levels and vault maps discovered:
D:1:      dpeg_arrival_castle, layout_basic, serial_corexii_hall,
          corexii_hall_statues_i, corexii_hall_statues_i
D:2:      layout_rooms, basic_altar, uniq_jessica
D:3:      layout_rooms, mainiacjoe_overflow_tiny_flanked,
          fedhas_altar_fruit_tree
D:4:      layout_layer_cave, temple_fountains, nicolae_goblin_pals,
          uniq_eustachio

Skill      XL: |  1  2  3  4 |
---------------+-------------+-----
Spellcasting   | 5 |  5.8
Fighting       | 1 |  1.7
Stealth        | 3 |  3.0
Short Blades   | |  0.5
Maces & Flails | |  0.8
Dodging        | |  2.9
Conjurations   | |  1.6
Summonings     | |  1.4
Translocations | |  1.1

Action                     |  1- 3 |  4- 6 || total
---------------------------+-------+-------++-------
  Melee: Dagger            |    10 |       ||    10
         Mace              |     7 |    49 ||    56
   Cast: Magic Dart        |    49 |    37 ||    86
         Call Imp          |     3 |     7 ||    10
         Slow              |     1 |     6 ||     7
         Blink             |       |     1 ||     1
    Use: Scroll            |     4 |     6 ||    10
         Potion            |       |     1 ||     1
   Stab: Sleeping          |     3 |       ||     3
 Armour: Robe              |    13 |    49 ||    62
  Dodge: Dodged            |    16 |    42 ||    58

Table legend: (Time is in decaauts)
 A = Elapsed time spent in this place.
 B = Non-inter-level travel time spent in this place.
 C = Inter-level travel time spent in this place.
 D = Time resting spent in this place.
 E = Time spent auto-exploring this place.
 F = Levels seen in this place.
 G = Mean time per level.
                   A        B        C        D        E       F      G
               +--------+--------+--------+--------+--------+-----+--------+
         Total |   3893 |   3826 |     67 |   1595 |    842 |   4 |  973.2 |
       Dungeon |   3893 |   3826 |     67 |   1595 |    842 |   4 |  973.2 |
               +--------+--------+--------+--------+--------+-----+--------+

Top non-repeatable levels by time:
     D:1: 1385 daAuts
     D:3: 1203 daAuts
     D:2: 711 daAuts
     D:4: 592 daAuts
